 Dungeon Crawl Stone Soup version 0.28.0-1-gb440e238dd (webtiles) character file.

Game seed: 3993108085719661133

402 a3don the Skirmisher (level 6, -5/49 HPs)
             Began as a Demonspawn Monk on Feb 21, 2022.
             Was an Elder of Fedhas.
             Slain by an ogre (22 damage)
             ... on level 5 of the Dungeon.
             The game lasted 00:05:38 (6074 turns).

a3don the Skirmisher (Demonspawn Monk)              Turns: 6074, Time: 00:05:38

Health: -5/49      AC: 11    Str: 13    XL:     6   Next: 55%
Magic:  16/16      EV: 10    Int: 12    God:    Fedhas [****..]
Gold:   250        SH:  0    Dex: 15    Spells: 5/5 levels left

rFire   + . .      SeeInvis .   w - +0 war axe
rCold   . . .      Faith    .   (no shield)
rNeg    . . .      Spirit   .   x - +0 scale mail
rPois   .          Reflect  .   y - +0 helmet
rElec   .          Harm     .   k - +0 cloak
rCorr   .          Rampage  .   (no gloves)
Will    .....                   u - +0 pair of boots
Stlth   +.........              (no amulet)
HPRegen 0.16/turn               p - ring of protection from fire
MPRegen 0.15/turn               m - ring of magical power

@: no status effects
A: claws 2, icy blue scales 1, foul stench 1
a: Renounce Religion, Wall of Briars, Grow Ballistomycete, Overgrow


You were on level 5 of the Dungeon.
You worshipped Fedhas.
Fedhas was greatly pleased with you.
You visited 1 branch of the dungeon, and saw 5 of its levels.

You collected 250 gold pieces.

Inventory:

Hand Weapons
 a - a +0 hand axe
 d - a +2 short sword of venom
 l - a +2 glaive of protection
 w - a +0 war axe (weapon)
Missiles
 h - 3 javelins
 t - 2 boomerangs (quivered)
Armour
 b - a +0 robe
 k - a +0 cloak (worn)
 u - a +0 pair of boots (worn)
 x - a +0 scale mail (worn)
 y - a +0 helmet (worn)
Jewellery
 m - a ring of magical power (right claw)
 p - a ring of protection from fire (left claw)
 v - a +6 ring of intelligence
Scrolls
 c - 2 scrolls of teleportation {unknown}
 f - 5 scrolls of identify {unknown}
 i - a scroll of summoning {unknown}
 n - 2 scrolls of enchant armour {unknown}
 o - a scroll of amnesia {unknown}
 r - a scroll of magic mapping {unknown}
Potions
 e - a potion of curing {unknown}
 g - a potion of degeneration {unknown}
 j - 2 potions of flight {unknown}
 q - a potion of invisibility
 s - a potion of attraction


   Skills:
 + Level 4.3 Fighting
 + Level 3.9 Axes
 + Level 3.9 Dodging
 + Level 3.6 Stealth
 + Level 2.5 Invocations


You had 5 spell levels left.
You didn't know any spells.
Your spell library was empty.

Dungeon Overview and Level Annotations

Branches:
Dungeon (5/15)
 Temple: D:4-7

Altars:
Fedhas


Innate Abilities, Weirdness & Mutations

You have very sharp fingernails.
You are partially covered in icy blue scales. (AC +2)
You may rarely emit foul miasma when damaged in melee.


Message History

Items here: )) [[.
y - a +0 helmet You start putting on your armour.
You continue putting on your +0 helmet. x4
You finish putting on your +0 helmet.
Done exploring.
Done exploring.
(D) Dungeon
Where to? (Enter - D:4 @ (x,y), ? - help)
Things that are here:
a +0 dagger; a +0 club You see here a +0 dagger.
There is a stone staircase leading down here.
You climb downwards.
Found a short sword.
There is a stone staircase leading up here.
An ogre comes into view. It is wielding a +0 giant club.
An ogre is nearby!
An ogre is nearby!
An ogre is nearby!
Found a stone staircase leading up.
The ogre shouts!
You throw a boomerang.
The boomerang hits the ogre but does no damage.
You throw a boomerang. The boomerang barely misses the ogre.
The ogre misses you.
You barely miss the ogre. The ogre closely misses you.
You barely miss the ogre. The ogre hits you with a +0 giant club!
You hit the ogre.
The ogre is moderately wounded.
The ogre closely misses you.
You slash the ogre!
The ogre is heavily wounded.
The ogre hits you with a +0 giant club!!
You are too injured to fight recklessly!
You are too injured to fight recklessly!
You hit the ogre.
The ogre is severely wounded.
The ogre hits you with a +0 giant club!!
You die...
Fedhas appreciates your contribution to the ecosystem.

#.#.# #####.#.# #
####...#.#.# .#
#.#......#.#.# .#
#........#...#..# ###
.........#...#..# #
#..
#...O@.#...#..#.#..#.#
#...............#. #.#
#.##.#.#........#. #.#
# #<.#....<....... #.#
....#...........) #.#
##...#.......##.## #.#
........###.##.####.#
......................
........(#.##.####.#


You could see an ogre.

Vanquished Creatures
  A howler monkey (D:4)
  A centaur zombie (D:5)
  2 hounds (D:4)
  A centaur skeleton (D:4)
  A jelly (D:4)
  Terence (D:2)
  A scorpion zombie (D:5)
  A hound skeleton (D:4)
  Robin (D:4)
  3 adders
  A worm (D:2)
  4 dart slugs
  7 orcs
  8 ball pythons
  4 bats
  10 endoplasms
  2 giant cockroaches
  16 goblins
  5 hobgoblins
  2 jackals (D:3)
  6 kobolds
  7 quokkas
  A frilled lizard (D:1)
  7 rats
93 creatures vanquished.

Notes
Turn   | Place    | Note
-------+----------+-------------------------------------------
     0 | D:1      | a3don the Demonspawn Monk began the quest for the Orb.
     0 | D:1      | Reached XP level 1. HP: 18/18 MP: 1/1
   220 | D:1      | Gained mutation: You have sharp fingernails. [demonic
                  | ancestry]
   220 | D:1      | Reached XP level 2. HP: 24/24 MP: 2/2
   971 | D:1      | Gained mutation: You may rarely emit foul miasma when
                  | damaged in melee. [demonic ancestry]
   971 | D:1      | Reached XP level 3. HP: 29/29 MP: 3/3
  1472 | D:2      | Noticed Terence
  1476 | D:2      | Killed Terence
  1480 | D:2      | Gained mutation: You are partially covered in icy blue
                  | scales. (AC +2) [demonic ancestry]
  1480 | D:2      | Reached XP level 4. HP: 33/35 MP: 4/4
  2258 | D:2      | Found a faded altar of an unknown god.
  2466 | D:2      | Prayed at the altar of an unknown god.
  2466 | D:2      | Became a worshipper of Fedhas Madash
  2466 | D:2      | Reached * piety under Fedhas
  2466 | D:2      | Reached ** piety under Fedhas
  2694 | D:3      | Reached *** piety under Fedhas
  3587 | D:4      | Noticed Robin
  3604 | D:4      | Reached XP level 5. HP: 11/42 MP: 5/5
  3606 | D:4      | Killed Robin
  4155 | D:4      | Reached skill level 1 in Invocations
  4538 | D:4      | Reached skill level 4 in Fighting
  5125 | D:4      | Gained mutation: You have very sharp fingernails. [demonic
                  | ancestry]
  5125 | D:4      | Reached XP level 6. HP: 44/48 MP: 7/7
  5540 | D:4      | Reached **** piety under Fedhas
  5596 | D:5      | Entered Level 5 of the Dungeon
  6074 | D:5      | Slain by an ogre

Illustrated notes

Levels and vault maps discovered:
D:1:      minmay_arrival_four_houses, layout_loops_corners, minmay_unequal
D:2:      layout_basic, nicolae_ecumenical_lake_church, uniq_terence
D:3:      layout_basic, kennysheep_crisscross
D:4:      layout_loops_cross, uniq_robin
D:5:      layout_basic, lemuel_tele_altar

Skill      XL: |  1  2  3  4  5  6 |
---------------+-------------------+-----
Stealth        | 2 3 |  3.6
Dodging        | 3 |  3.9
Axes           | 3 |  3.9
Invocations    | 1 2 |  2.5
Fighting       | 4 |  4.3

Action                   |  1- 3 |  4- 6 || total
-------------------------+-------+-------++-------
Melee: Hand axe          |    77 |   215 ||   292
       Punch             |     2 |     3 ||     5
       Short sword       |       |    35 ||    35
       War axe           |       |    18 ||    18
Throw: Boomerang         |       |     2 ||     2
  Use: Potion            |       |     3 ||     3
 Stab: Sleeping          |    11 |     7 ||    18
       Invisible         |       |     1 ||     1
       Distracted        |       |     1 ||     1
Armor: Robe              |    10 |    88 ||    98
Dodge: Dodged            |    44 |   196 ||   240
